 Dungeon Crawl Stone Soup version 0.30-a0-374-g95c0257040 (webtiles) character file.

Game seed: 8999678946323746668

990 KennySheep the Conjurer (level 7, 0/50 HPs)
             Began as a Demigod Conjurer on Nov 25, 2022.
             Slain by an orc warrior
             ... wielding a +0 trident of freezing
              (1 damage)
             ... on level 6 of the Dungeon.
             The game lasted 00:11:41 (6484 turns).

KennySheep the Conjurer (Demigod Conjurer)          Turns: 6484, Time: 00:11:42

Health: 0/50       AC:  4    Str:  8    XL:     7   Next: 65%
Magic:  8/15       EV: 11    Int: 24    God:
Gold:   297        SH:  0    Dex: 16    Spells: 6/13 levels left

rFire   + . .      SeeInvis .    a - +0 longbow
rCold   . . .      Faith    .    (shield currently unavailable)
rNeg    . . .      Spirit   .    o - +0 leather armour
rPois   .          Reflect  .    (no helmet)
rElec   .          Harm     .    k - +0 cloak
rCorr   .          Rampage  .    (no gloves)
Will    .....                    (no boots)
Stlth   ++........               (no amulet)
HPRegen 0.28/turn                n - ring of protection from fire
MPRegen 0.14/turn                l - +4 ring of slaying

@: about to teleport, very slightly contaminated
A: high MP 1, forlorn, divine attributes
a: no special abilities


You were on level 6 of the Dungeon.
You visited 1 branch of the dungeon, and saw 6 of its levels.
You also visited: Sewer.

You collected 297 gold pieces.

Inventory:

Hand Weapons
 a - a +0 longbow (weapon)
 b - a +2 vampiric halberd
Armour
 k - a +0 cloak (worn)
 o - a +0 leather armour (worn)
 p - a +0 robe
Jewellery
 l - a +4 ring of slaying (right hand)
 n - a ring of protection from fire (left hand)
 q - a ring of positive energy
Wands
 t - a wand of charming (13)
Scrolls
 d - 5 scrolls of teleportation
 h - 2 scrolls of identify
 m - 2 scrolls of noise
Potions
 c - 3 potions of degeneration {unknown}
 e - 2 potions of flight
 f - 2 potions of attraction
 g - a potion of might
 i - 2 potions of ambrosia
 j - a potion of curing
 r - a potion of haste
 s - 2 potions of mutation {unknown}


   Skills:
 + Level 2.5 Ranged Weapons
 - Level 1.7 Dodging
 - Level 1.7 Stealth
 + Level 3.5 Spellcasting
 * Level 6.2 Conjurations
 * Level 4.1 Translocations
 - Level 2.1 Transmutations


You had 6 spell levels left.
You knew the following spells:

 Your Spells              Type           Power      Damage    Failure   Level
a - Magic Dart            Conj           100%       1d8       1%          1
c - Iskenderun's Mystic   Conj/Tloc      29%        2d7       19%         4
d - Blink                 Tloc           48%        N/A       4%          2

Your spell library contained the following spells:

 Spells                   Type           Power      Damage    Failure   Level
 Searing Ray              Conj           68%        2d6       1%          2
 Apportation              Tloc           48%        N/A       2%          1
 Momentum Strike          Conj/Tloc      58%        3d9       2%          2
 Shock                    Conj/Air       76%        1d7       4%          1
 Lesser Beckoning         Tloc           48%        N/A       9%          3
 Dazzling Flash           Conj/Hex       38%        N/A       13%         3
 Mephitic Cloud           Conj/Pois/Air  14%        N/A       19%         3
 Call Imp                 Summ           4%         N/A       22%         2
 Ignite Poison            Fire/Tmut/Pois 7%         N/A       32%         3
 Fulminant Prism          Conj/Hex       9%         3d7       38%         4
 Ozocubu's Armour         Ice            4%         N/A       41%         3
 Swiftness                Air            4%         N/A       41%         3
 Airstrike                Air            2%         2d(1-17)  83%         4
 Alistair's Intoxication  Tmut/Pois      6%         N/A       95%         5
 Ozocubu's Refrigeration  Ice            2%         4d7       100%        7
 Shatter                  Erth           2%         3d6*      100%        9


Dungeon Overview and Level Annotations

Branches:
Dungeon (6/15)             Temple (0/1) D:4           Sewer (visited)

Annotations:
D:4 3 runed translucent doors, DeathPants's ghost, novice VSFi; osoart's ghost, amateur GnWn
D:5 2 transporters, arthad's ghost, amateur GnTm


Innate Abilities, Weirdness & Mutations

You have an increased reservoir of magic. (+10% MP)
You shall have no god before yourself.
Your divine heritage dramatically boosts your attributes as you level up.


Message History

You shoot an arrow.
The arrow closely misses the orc warrior.
The orc warrior hits you from afar with a +0 trident of freezing.
The orc warrior freezes you.
An orc comes into view. It is wielding a +0 flail.
An orc comes into view. It is wielding a +0 falchion.
Casting: Iskenderun's Mystic Blast (quite dangerous; 19% risk of failure)
Confirm with . or Enter, or press ? or * to list all spells.
The spell is quite dangerous to miscast (19% risk of failure)!
Continue anyway?
You miscast Iskenderun's Mystic Blast.
You are very lightly contaminated with residual magic.
Nothing appears to happen.
The orc warrior closely misses you.
Casting: Iskenderun's Mystic Blast (quite dangerous; 19% risk of failure)
Confirm with . or Enter, or press ? or * to list all spells.
The spell is quite dangerous to miscast (19% risk of failure)!
Continue anyway?
You erupt in a blast of force!
The mystic blast hits the orc warrior.
The orc warrior is lightly wounded.
The orc warrior is knocked back by the mystic blast.
The orc warrior slams into the rock wall!
The orc warrior hits you from afar with a +0 trident of freezing!
The orc warrior freezes you. The orc wizard casts a spell at you.
You are confused.
You bump into the rock wall.
The orc warrior hits you from afar with a +0 trident of freezing!
The orc warrior freezes you.
* * * LOW HITPOINT WARNING * * *
You feel better.
The orc warrior hits you from afar with a +0 trident of freezing!
* * * LOW HITPOINT WARNING * * *
The orc warrior freezes you.
* * * LOW HITPOINT WARNING * * *
An orc wizard comes into view. It is wielding a +0 dagger.
A water moccasin comes into view.
As you read the scroll of teleportation, it crumbles to dust.
You feel strangely unstable.
The orc warrior hits you from afar with a +0 trident of freezing.
* * * LOW HITPOINT WARNING * * *
The orc warrior freezes you.
You die...

# #.#.o. #.##.#o#
#......# ####.#o#
#.#####.#o###
#.........o..#..
#.#########o##.#
#.# #.##.# .. #.#
#@##.# .. ##.##
#.##.### #. #...#
#S.....# #. #...#
#..###.# #. #<..#
#..# #.# #. ###.#
##.###.##########.
#.#
#................
#.#
###.###########.#
#.# #.# #.......##


You could see an orc warrior, a water moccasin (wandering), 2 orc wizards and 2
orcs.

Vanquished Creatures
  A water moccasin (D:5)
  A black bear (D:4)
  Pargi (Sewer)
  A centaur (D:5)
  A bullfrog (D:6)
  A scorpion (D:4)
  2 orc priests
  A hound (D:4)
  3 jellies
  Jessica (D:3)
  2 iguanas (D:5)
  Terence (D:2)
  A gnoll (D:1)
  8 adders
  2 river rats (D:4)
  A white imp (D:5)
  3 worms
  5 dart slugs
  10 orcs
  10 ball pythons
  7 endoplasms
  A giant cockroach (D:1)
  9 goblins
  2 hobgoblins
  8 jackals
  5 quokkas
  4 bats
  5 frilled lizards
  6 kobolds
  6 rats
109 creatures vanquished.

Vanquished Creatures (others)
  2 fungi (D:5)
  3 plants (D:5)
5 creatures vanquished.

Grand Total: 114 creatures vanquished

Notes
Turn   | Place    | Note
-------+----------+-------------------------------------------
     0 | D:1      | KennySheep the Demigod Conjurer began the quest for the
                  | Orb.
     0 | D:1      | Reached XP level 1. HP: 14/14 MP: 5/5
   116 | D:1      | Reached XP level 2. HP: 20/20 MP: 5/7
   119 | D:1      | Learned a level 2 spell: Searing Ray
   149 | D:1      | Reached skill level 1 in Transmutations
   299 | D:1      | Reached skill level 4 in Conjurations
   620 | D:1      | Reached XP level 3. HP: 26/26 MP: 5/8
  1495 | D:2      | Noticed Terence
  1505 | D:2      | Killed Terence
  1661 | D:2      | Reached XP level 4. HP: 33/33 MP: 1/10
  2306 | D:2      | Got Sif Muna's Tome of Petrous Pestilence
  2654 | D:3      | Reached skill level 1 in Translocations
  2830 | D:3      | Reached XP level 5. HP: 38/38 MP: 7/11
  2940 | D:3      | Noticed Jessica
  2943 | D:3      | Killed Jessica
  3780 | D:4      | Reached skill level 5 in Conjurations
  3824 | D:4      | Found a glowing drain.
  3829 | Sewer    | Entered a sewer
  3946 | Sewer    | Noticed Pargi
  3955 | Sewer    | Killed Pargi
  3956 | Sewer    | Reached XP level 6. HP: 42/45 MP: 4/13
  4178 | D:4      | Learned a level 4 spell: Iskenderun's Mystic Blast
  4229 | D:4      | Reached skill level 1 in Ranged Weapons
  4373 | D:4      | Reached XP level 7. HP: 49/50 MP: 14/14
  4401 | D:4      | Found a staircase to the Ecumenical Temple.
  4464 | D:4      | Learned a level 2 spell: Blink
  4496 | D:4      | Found a runed translucent gate.
  4496 | D:4      | Found a runed translucent gate.
  4496 | D:4      | Found a runed translucent gate.
  4496 | D:4      | Noticed DeathPants's ghost (novice VSFi)
  4497 | D:4      | Noticed osoart's ghost (amateur GnWn)
  4845 | D:5      | Entered Level 5 of the Dungeon
  4893 | D:5      | Noticed arthad's ghost (amateur GnTm)
  4895 | D:5      | Found a transporter.
  4922 | D:5      | Found a transporter.
  5637 | D:5      | Reached skill level 6 in Conjurations
  6484 | D:6      | HP: 1/50 [orc warrior/+0 trident of freezing (3)]
  6484 | D:6      | Slain by an orc warrior

Illustrated notes

Levels and vault maps discovered:
D:1:      dpeg_arrival_oval, layout_basic, nicolae_figureground_sparkle
D:2:      layout_basic, uniq_terence
D:3:      layout_basic, ebering_ecumenical_altar_rust, grunt_ministairs_11,
          uniq_jessica
D:4:      layout_basic, nemelex_spade_bored_becter,
          minmay_temple_entry_sparse_star, lightli_sewer_entry_pipes,
          gammafunk_ghost_cemetery
D:5:      layout_loops_corners, grunt_temple_overflow_forces_of_nature,
          gammafunk_ghost_mausoleum
D:6:      layout_loops_ring, minmay_holes

Skill      XL: |  1  2  3  4  5  6  7 |
---------------+----------------------+-----
Transmutations | 1 2 |  2.1
Spellcasting   | 2 3 |  3.5
Conjurations   | 4 5 6 |  6.2
Translocations | 1 2 3 4 |  4.1
Ranged Weapons | 1 2 |  2.5
Dodging        | |  1.7
Stealth        | |  1.7

Action                   |  1- 3 |  4- 6 |  7- 9 || total
-------------------------+-------+-------+-------++-------
Melee: Unarmed           |    17 |       |       ||    17
       Halberd           |       |    29 |       ||    29
 Fire: Longbow           |       |    28 |    81 ||   109
 Cast: Magic Dart        |    69 |    83 |       ||   152
       Searing Ray       |     3 |     3 |     1 ||     7
       Iskenderun's Myst |       |       |     5 ||     5
  Use: Potion            |     1 |     3 |     6 ||    10
       Scroll            |       |     3 |     3 ||     6
 Stab: Sleeping          |       |     2 |       ||     2
Armor: Robe              |     4 |    13 |       ||    17
       Leather armour    |       |     3 |    20 ||    23
Dodge: Dodged            |    17 |    35 |    45 ||    97

Table legend: (Time is in decaauts)
 A = Elapsed time spent in this place.
 B = Non-inter-level travel time spent in this place.
 C = Inter-level travel time spent in this place.
 D = Time resting spent in this place.
 E = Time spent auto-exploring this place.
 F = Levels seen in this place.
 G = Mean time per level.
                   A        B        C        D        E       F      G
               +--------+--------+--------+--------+--------+-----+--------+
         Total |   6601 |   6345 |    256 |    432 |   5091 |   7 |  943.0 |
       Dungeon |   6360 |   6104 |    256 |    360 |   4979 |   6 | 1060.0 |
         Sewer |    241 |    241 |      0 |     72 |    112 |   1 |  241.0 |
               +--------+--------+--------+--------+--------+-----+--------+

Top non-repeatable levels by time:
     D:1: 1340 daAuts
     D:5: 1324 daAuts
     D:3: 1253 daAuts
     D:2: 1116 daAuts
     D:4: 976 daAuts
     D:6: 348 daAuts
   Sewer: 241 daAuts
